 Dungeon Crawl Stone Soup version 0.27.1-34-g3ba077fa99 (webtiles) character file.

Game seed: 3227504856246427861

228 Sharkman1231 the Agent of Entropy (level 5, -9/42 HPs)
             Began as a Demonspawn Abyssal Knight on Jan 17, 2022.
             Was a Priest of Lugonu.
             Splashed by a jelly's acid (11 damage)
             ... on level 3 of the Dungeon.
             The game lasted 00:04:08 (4890 turns).

Sharkman1231 the Agent of Entropy (DsAK)            Turns: 4890, Time: 00:04:09

Health: -9/42      AC: -3    Str: 12    XL:     5   Next: 71%
Magic:  8/8        EV: 12    Int: 13    God:    Lugonu [***...]
Gold:   128        SH:  0    Dex: 14    Spells: 4/4 levels left

rFire    . . .     SeeInvis .   a - +1 falchion
rCold    . . .     Faith    .   (no shield)
rNeg     . . .     Spirit   .   b - +0 leather armour
rPois    .         Reflect  .   (helmet restricted)
rElec    .         Harm     .   d - +0 cloak
rCorr    .         Rampage  .   (no gloves)
Will     .....                  (no boots)
Stlth    +.........             m - amulet of regeneration
HPRegen  1.14/turn              (no ring)
MPRegen  0.11/turn              (no ring)

@: corroded
A: antennae 1, foul stench 1
a: Renounce Religion, Depart the Abyss, Bend Space, Banish


You were on level 3 of the Dungeon.
You worshipped Lugonu.
Lugonu was most pleased with you.
You visited 1 branch of the dungeon, and saw 3 of its levels.
You visited the Abyss 1 time.

You collected 128 gold pieces.

Inventory:

Hand Weapons
 a - a +1 falchion (weapon)
Armour
 b - a +0 leather armour (worn)
 d - a +0 cloak (worn)
Jewellery
 m - an amulet of regeneration (around neck)
Scrolls
 e - a scroll of noise {unknown}
 f - a scroll of summoning {unknown}
 g - a scroll of identify {unknown}
 i - a scroll of amnesia {unknown}
 l - a scroll of teleportation {unknown}
Potions
 c - a potion of attraction {unknown}
 h - a potion of might {unknown}
 j - a potion of ambrosia {unknown}
 k - a potion of mutation {unknown}


   Skills:
 + Level 4.1 Fighting
 + Level 3.1 Long Blades
 - Level 1.7 Armour
 + Level 2.5 Dodging
 + Level 4.4 Invocations


You had 4 spell levels left.
You didn't know any spells.
Your spell library was empty.

Dungeon Overview and Level Annotations

Branches:
Dungeon (3/15)

Altars:
Hepliaklqana
Makhleb
Trog
Yredelemnul
Zin

Shops:
D:3 [


Innate Abilities, Weirdness & Mutations

You have a pair of small antennae on your head.
You may rarely emit foul miasma when damaged in melee.


Message History

An endoplasm is nearby!
You hit the endoplasm.
You kill the endoplasm!
Lugonu accepts your kill.
You sense a monster nearby.
No target in view!
There is an open door here.
There are monsters nearby!
The endoplasm quivers.
You hit the jelly but do no damage.
Your hands burn!
The jelly barely misses you.
You riposte.
You slash the jelly!
The jelly is heavily wounded.
You hit the jelly. The acid corrodes you!
Your hands burn!
The jelly is heavily wounded.
The jelly barely misses you. The endoplasm freezes you.
You are frozen.
Your leather armour prevents you from hitting the jelly.
The jelly is heavily wounded.
The jelly hits you. The acid corrodes you!
You are splashed with acid!
The endoplasm hits you.
You emit a cloud of foul miasma!
The jelly hits you.
You are splashed with acid!
You are too injured to fight recklessly!
Unknown command.
You are too injured to fight recklessly!
Lugonu accepts your kill.
You feel a bit more experienced.
You hit the jelly but do no damage.
Your hands burn!
The jelly is heavily wounded.
The jelly hits you.
You are splashed with acid!
* * * LOW HITPOINT WARNING * * *
You emit a cloud of foul miasma!
You hit the jelly but do no damage.
Your hands burn!
* * * LOW HITPOINT WARNING * * *
The jelly is heavily wounded.
The jelly is engulfed in dark miasma.
The jelly is poisoned.
The jelly hits you.
* * * LOW HITPOINT WARNING * * *
You are splashed with acid!
You die...

#.# #..#.#
##.....## #.###.##
#.# ##.#.#
#.......# #.......
#.# #.#.#
#.(.....# #####.##
#.####.#.#
#.......# #.#
#........#
#.......# #.#
###......#
####....# #.#
#.########..'....#
#.# #.# #.########
..# #.# ##).@JJ.##
### #.# #######'#
#.######
...÷.....#
#......#
....÷..J.#
########
.........#
.........#
÷....÷...#
".÷......#
##########


You could see a jelly (poisoned) and an endoplasm.

Vanquished Creatures
  2 jellies (D:3)
  Terence (D:2)
  Robin (D:1)
  2 adders (D:3)
  A worm (D:2)
  A dart slug (D:1)
  4 orcs
  14 endoplasms
  A giant cockroach (D:1)
  4 hobgoblins
  12 jackals
  13 kobolds
  4 quokkas
  7 ball pythons
  4 bats
  5 frilled lizards
  17 goblins
  5 rats
98 creatures vanquished.

Vanquished Creatures (others)
  6 fungi (D:3)
  8 toadstools (D:3)
14 creatures vanquished.

Grand Total: 112 creatures vanquished

Notes
Turn   | Place    | Note
-------+----------+-------------------------------------------
     0 | Abyss:1  | Sharkman1231 the Demonspawn Abyssal Knight began the quest
                  | for the Orb.
     0 | Abyss:1  | Reached XP level 1. HP: 18/18 MP: 2/2
    16 | D:1      | Escaped the Abyss
    80 | D:1      | Reached skill level 1 in Dodging
   158 | D:1      | Gained mutation: You may rarely emit foul miasma when
                  | damaged in melee. [demonic ancestry]
   158 | D:1      | Reached XP level 2. HP: 23/24 MP: 4/4
   924 | D:1      | Reached XP level 3. HP: 26/29 MP: 5/5
   992 | D:1      | Reached ** piety under Lugonu
  1301 | D:2      | Found a basalt altar of Yredelemnul.
  1466 | D:2      | Noticed Robin
  2168 | D:1      | Killed Robin
  2518 | D:2      | Found a faded altar of an unknown god.
  2531 | D:2      | Gained mutation: You have a pair of small antennae on your
                  | head. [demonic ancestry]
  2531 | D:2      | Reached XP level 4. HP: 27/36 MP: 6/6
  2693 | D:2      | Noticed Terence
  2699 | D:2      | Killed Terence
  3919 | D:3      | Found a burning altar of Makhleb.
  4150 | D:3      | Found a bloodstained altar of Trog.
  4212 | D:3      | Found a hazy altar of Hepliaklqana.
  4321 | D:3      | Found Ceso Dell's Armour Shoppe.
  4352 | D:3      | Reached XP level 5. HP: 38/42 MP: 7/7
  4478 | D:3      | Reached *** piety under Lugonu
  4890 | D:3      | HP: 2/42 [jelly (3)]
  4890 | D:3      | Splashed by a jelly's acid

Illustrated notes

Levels and vault maps discovered:
D:1:      dpeg_arrival_round_c, layout_loops_cross
D:2:      layout_basic, basic_altar, ebering_ecumenical_altar_webs, uniq_robin,
          uniq_terence
D:3:      cheibrodos_fertilizer, layout_loops_corners,
          gammafunk_temple_overflow_forgotten, mainiacjoe_overflow_brackets,
          serial_shops, shop

Skill      XL: |  1  2  3  4  5 |
---------------+----------------+-----
Dodging        | 1 2 |  2.5
Long Blades    | 2 3 |  3.1
Invocations    | 3 4 |  4.4
Fighting       | 4 |  4.1
Armour         | |  1.7

Action                   |  1- 3 |  4- 6 || total
-------------------------+-------+-------++-------
Melee: Falchion          |   122 |   155 ||   277
Invok: Bend Space        |     3 |       ||     3
  Use: Potion            |     3 |       ||     3
 Stab: Sleeping          |     1 |       ||     1
Armor: Leather armour    |    45 |    33 ||    78
Dodge: Dodged            |    91 |    98 ||   189
       Rpst.: Falchion   |    23 |    30 ||    53
